 Dungeon Crawl Stone Soup version 0.28-a0-1613-gdaab1c2f9b (webtiles) character file.

Game seed: 4091849971826933541

496877 SlyGuyMcFly the Impregnable (level 23, -23/196 (200) HPs)
             Began as a Minotaur Fighter on Jan 14, 2022.
             Was the Champion of Trog.
             Annihilated by a titan (24 damage)
             ... while paralysed by a sphinx
             ... on level 5 of the Vaults on Jan 21, 2022.
             The game lasted 06:43:16 (64043 turns).

SlyGuyMcFly the Impregnable (Minotaur Fighter)     Turns: 64043, Time: 06:43:17

HP:   -23/196 (200) AC: 40    Str: 25    XL:     23   Next: 68%
MP:   6/6           EV:  2    Int:  7    God:    Trog [******]
Gold: 2229          SH:  0    Dex: 24    Spells: 22/22 levels left

rFire   + + .      SeeInvis .   K - +11 quick blade (antimagic)
rCold   + . .      Faith    .   j - +0 kite shield {AC+3}
rNeg    + . .      Spirit   .   A - +1 gold dragon scales
rPois   +          Reflect  .   Y - +2 hat
rElec   +          Harm     .   U - +1 cloak of Refuge {rElec rPois rCorr}
rCorr   +          Rampage  .   R - +2 pair of gloves {Dex+3}
Will    +....      Clarity  +   m - +1 pair of boots
Stlth   ..........              z - amulet "Azacsatz" {rC- rN+ Regen+ Dex+8}
HPRegen 1.22/turn               i - ring "Yhecwow" {rC+ Slay+4}
MPRegen 0.10/turn               h - ring of protection from fire

@: paralysed, marked, studying 2 skills, lightly drained
A: horns 2, retaliatory headbutt, clarity, frail 1, low mp 1, weak 1
}: 3/15 runes: barnacled, slimy, gossamer
a: Renounce Religion, Berserk, Trog's Hand, Brothers in Arms


You were on level 5 of the Vaults.
You worshipped Trog.
Trog was exalted by your worship.
You visited 10 branches of the dungeon, and saw 49 of its levels.
You visited 2 bazaars.
You also visited: Gauntlet and Ice Cave.

You collected 6595 gold pieces.
You spent 4366 gold pieces at shops.

Inventory:

Hand Weapons
 K - a +11 antimagic quick blade (weapon)
Missiles
 c - 7 silver javelins (quivered)
 x - 5 throwing nets
Armour
 j - a +0 kite shield of protection (worn)
 m - a +1 pair of boots (worn)
 A - +1 gold dragon scales (worn)
 R - a +2 pair of gloves of dexterity (worn)
 U - the +1 cloak of Refuge (worn) {rElec rPois rCorr}
   (You found it on level 3 of the Shoals)

   rElec:     It insulates you from electricity.
   rPois:     It protects you from poison.
   rCorr:     It protects you from acid and corrosion.
 Y - a +2 hat (worn)
Jewellery
 h - a ring of protection from fire (right hand)
 i - the ring "Yhecwow" (left hand) {rC+ Slay+4}
   (You found it in an ice cave)

   [ring of protection from cold]

   Slay:      It affects your accuracy & damage with ranged weapons and melee
   (+4).
   rC:        It protects you from cold.
 p - the ring of Dymoc {*Corrode Fly Will+ SInv Stlth+}
   (You found it on level 3 of the Elven Halls)

   [ring of willpower]

   SInv:      It lets you see invisible.
   Fly:       It grants you flight.
   *Corrode:  It may corrode you when you take damage.
   Will:      It increases your willpower.
   Stlth:     It makes you more stealthy.
 u - the ring of Yesterday {rElec rPois Will++ SInv}
   (You acquired it on level 2 of the Vaults)

   [ring of see invisible]

   rElec:     It insulates you from electricity.
   rPois:     It protects you from poison.
   SInv:      It lets you see invisible.
   Will:      It greatly increases your willpower.
 v - the ring of Zeycig {rElec rN+}
   (You found it on level 3 of the Elven Halls)

   [ring of positive energy]

   rElec:     It insulates you from electricity.
   rN:        It protects you from negative energy.
 z - the amulet "Azacsatz" (around neck) {rC- rN+ Regen+ Dex+8}
   (You found it on level 2 of the Depths)

   [amulet of regeneration]

   Dex:       It affects your dexterity (+8).
   rC:        It makes you vulnerable to cold.
   rN:        It protects you from negative energy.
   Regen:     It increases your rate of health regeneration.
Wands
 b - a wand of iceblast (15)
 w - a wand of paralysis (17)
 C - a wand of polymorph (5)
 D - a wand of mindburst (15)
 F - a wand of digging (27)
 G - a wand of flame (9)
 P - a wand of acid (15)
Scrolls
 f - 3 scrolls of brand weapon
 k - 22 scrolls of teleportation
 n - 10 scrolls of fog
 q - 6 scrolls of magic mapping
 r - 2 scrolls of fear
 B - 10 scrolls of silence
 E - 7 scrolls of enchant weapon
 N - 2 scrolls of summoning
 S - 6 scrolls of blinking
 X - 10 scrolls of immolation
 Z - a scroll of holy word
Potions
 d - 6 potions of might
 e - 11 potions of ambrosia
 g - 5 potions of mutation
 l - 3 potions of resistance
 t - 9 potions of haste
 H - 4 potions of cancellation
 J - 2 potions of invisibility
 L - 2 potions of lignification
 Q - 4 potions of curing
 T - 4 potions of heal wounds
 W - 9 potions of attraction
Miscellaneous
 a - a lightning rod (4/4)
 o - a tin of tremorstones (1/2)
 s - a condenser vane
 y - a box of beasts
 O - a phial of floods
 V - a phantom mirror


   Skills:
 + Level 22.1 Fighting
 - Level 7.7(8.0) Short Blades
 - Level 2.6(6.0) Long Blades
 - Level 1.6(9.8) Axes
 - Level 14.9(15.0) Polearms
 * Level 16.7 Throwing
 + Level 22.4 Armour
 * Level 14.0 Dodging
 + Level 22.0 Shields
 * Level 16.8 Evocations


You had 22 spell levels left.
You didn't know any spells.
Your spell library was empty.

Dungeon Overview and Level Annotations

Branches:
Dungeon (15/15)            Temple (0/1) D:5            Lair (6/6) D:10
 Shoals (4/4) Lair:4       Spider (4/4) Lair:3        Slime (5/5) Lair:6
    Orc (2/2) D:12            Elf (3/3) Orc:2        Vaults (5/5) D:13
  Crypt (0/3) Vaults:3     Depths (4/4) D:15            Zot (1/5) Depths:4
  IceCv (visited)         Gauntlet (visited)

Altars:
Cheibriados
Dithmenos
Elyvilon
Sif Muna
Trog
Uskayaw
Vehumet
Wu Jian
Xom
Zin

Shops:
D:6 *   D:9 (   Orc:2 *!=:   Elf:2 *   Shoals:2 :   Shoals:3 ?   Vaults:2 (
Vaults:3 !   Depths:1 =:=   Depths:3 [

Portals:
Hell: Depths:1 Depths:2 Depths:3 Depths:4
Abyss: Depths:1 Depths:3
Pandemonium: Depths:1 Depths:2
Ziggurat: Depths:1

Annotations:
D:9 2 transporters, ThreePoint314's ghost, novice DsFE
Lair:2 1 runed translucent door, anonymous's ghost, journeyman DEIE
Lair:4 3 runed translucent doors, Som Pofo's ghost, journeyman DDGl


Innate Abilities, Weirdness & Mutations

You have a pair of horns on your head.
You reflexively headbutt those who attack you in melee.
You possess an exceptional clarity of mind.
You are frail. (-10% HP)
Your magical capacity is low. (-10% MP)
You are weak. (Str -2)


Message History

The sphinx hits you but does no damage. x2; The sphinx hits you.
The vault warden hits you with a +1 great sword of freezing!
The ogre mage hits you but does no damage.
The sphinx hits you.
The sphinx hits you but does no damage. x2
The tengu reaver casts a spell at you.
The bolt of negative energy hits the shadow dragon.
The shadow dragon completely resists.
The bolt of negative energy hits you! You partially resist.
You feel drained. The titan hits you!!
* * * LOW HITPOINT WARNING * * *
The vault warden hits you but does no damage.
The vault warden's magic is no longer disrupted.
The jorogumo changes into an ice dragon!
The ogre mage casts a spell at you. The bolt of magma hits you!
You partially resist.
* * * LOW HITPOINT WARNING * * *
A stone giant comes into view.
The shadow dragon bites you but does no damage.
The shadow dragon claws you but does no damage.
The shadow dragon claws you.
* * * LOW HITPOINT WARNING * * *
The sphinx casts a spell.
You feel momentarily confused.
A quicksilver ooze comes into view.
An ogre comes into view.
The vault warden hits you with a +1 great sword of freezing!
* * * LOW HITPOINT WARNING * * *
The vault warden freezes you.
* * * LOW HITPOINT WARNING * * *
The titan hits you!
* * * LOW HITPOINT WARNING * * *
The ice dragon changes into a dire elephant!
The ogre mage hits you but does no damage.
A lich comes into view.
The shadow dragon bites you but does no damage.
The shadow dragon claws you but does no damage. x2
The sphinx mumbles some strange words.
Something smites you!
* * * LOW HITPOINT WARNING * * *
The vault warden hits you but does no damage.
The titan hits you!!
You die...

#....# #....# #....# #....#
.... #....#.$....#
#.....#..).#.......
#....#.(..#.......
#...#.C..#)......
#..#.@(.#.......
..##..#DpHO#.......
......CQD[JO[).$...
#############.).Y[().#######
...........L..)[<<))........
........)().).)<[[<[........
.........)......<<[[[.......
.................)[.........
#############....[...#######


You could see a shadow dragon, a dire elephant shaped shifter, a titan, a storm
dragon, a sphinx, a stone giant, a vault warden, a tengu reaver, a lich, an ogre
mage, a quicksilver ooze and an ogre.

Vanquished Creatures
  the Royal Jelly (Slime:5)
  A dread lich (Vaults:4)
  2 ancient liches
  Mennas (Depths:4)
  Mara (Vaults:3)
  A golden dragon (Zot:1)
  Nikola (Spider:3)
  2 bone dragons
  2 tentacled monstrosities (Zot:1)
  Jorgrun (D:13)
  A lich (Vaults:4)
  Polyphemus (Shoals:4)
  6 deep elf blademasters
  19 acid blobs
  4 deep elf master archers (Elf:3)
  2 titans (Vaults:4)
  The ghost of Rarph the Warrior, an adept DsFi of Ru (Shoals:3)
  4 sphinxes
  A shadow dragon (Vaults:5)
  Agnes (D:15)
  Kirke (D:15)
  A storm dragon (Depths:4)
  2 tengu reavers (Vaults:3)
  4 azure jellies
  A draconian monk (Depths:4)
  9 rockslimes
  11 fire giants
  A balrug (Depths:1)
  3 frost giants
  8 deep elf sorcerers
  3 orc warlords
  3 deep elf elementalists (Elf:3)
  Louise (D:15)
  3 ghost moths
  18 vault wardens
  2 emperor scorpions
  9 ironbound preservers
  12 stone giants
  A draconian stormcaller (Depths:4)
  25 very ugly things
  12 quicksilver oozes
  4 war gargoyles
  8 ironbound thunderhulks
  2 broodmothers (Spider:3)
  2 vampire knights (Depths:4)
  6 deep elf demonologists (Elf:3)
  A green draconian (Depths:4)
  7 deep elf annihilators
  3 black draconians (Depths:4)
  9 dire elephants (Vaults:1)
  2 red draconians (Depths:4)
  2 entropy weavers
  Azrael (Elf:2)
  A minotaur (Gauntlet)
  A spark wasp (Spider:3)
  3 purple draconians
  7 merfolk javelineers
  6 deep elf death magi
  4 merfolk impalers
  2 crystal guardians
  7 ettins
  2 jiangshi (Depths:3)
  Josephine (Spider:1)
  5 great orbs of eyes
  13 yaktaur captains
  3 deep elf high priests
  11 fire dragons
  Fannar (Lair:3)
  8 hydras
  A jorogumo (Spider:2)
  29 vault guards
  10 boulder beetles
  4 ogre magi
  4 peacekeepers
  3 ice dragons
  2 radroaches (Spider:1)
  11 two-headed ogres
  2 spriggan air magi (Depths:2)
  2 alligator snapping turtles (Shoals:4)
  9 ironbound frosthearts
  4 catoblepae
  A merfolk avatar (Shoals:4)
  35 dancing weapons
  7 merfolk aquamancers
  4 deep troll shamans
  16 centaur warriors
  3 tengu warriors
  5 orc high priests (Orc:2)
  6 death yaks
  A vampire mage (Depths:3)
  4 spriggan berserkers
  Nergalle (D:12)
  6 hell knights (Depths:4)
  3 deep troll earth magi
  16 deep elf knights
  A fire crab (shapeshifter) (D:14)
  6 pharaoh ants
  3 iron trolls
  8 skeletal warriors
  A titan skeleton (Vaults:3)
  30 deep trolls
  A shadow wraith (D:15)
  2 steelbarb worms (Spider:2)
  A spark wasp zombie (Depths:1)
  15 sea snakes
  2 sun moths
  7 orb spiders
  5 glowing orange brains
  10 lindwurms
  10 deep elf archers
  A harpy (shapeshifter) (Elf:1)
  15 harpies
  35 deep elf zephyrmancers
  2 golden dragon skeletons (Depths:1)
  6 necromancers
  24 deep elf pyromancers
  14 ironbound convokers
  A tengu zombie (Depths:1)
  19 wizards
  16 orc knights
  An orc sorcerer (Depths:3)
  6 phantasmal warriors
  13 manticores
  30 wolf spiders
  A tengu skeleton (Depths:1)
  An oklob plant (Lair:6)
  2 mana vipers (shapeshifter)
  An iron dragon skeleton (D:15)
  2 fauns (Shoals:1)
  A moth of wrath (Spider:4)
  6 merfolk sirens
  33 ugly things
  A fire giant zombie (Depths:1)
  3 shining eyes
  7 cyclopes
  2 sphinx skeletons
  14 elephants
  A black mamba (shapeshifter) (Vaults:5)
  2 fire giant skeletons (Vaults:3)
  17 vault sentinels
  4 black mambas
  Maurice (D:8)
  10 water nymphs
  An eye of devastation (Slime:2)
  2 ice statues (IceCv)
  A torpor snail (shapeshifter) (Vaults:5)
  5 orange demons (Elf:3)
  4 torpor snails
  A gargoyle (D:11)
  4 rime drakes
  The ghost of RNPValinor the Chopper, a novice DsFi (D:5)
  Psyche (D:12)
  12 cane toads
  3 kobold demonologists
  7 komodo dragons
  Maggie (D:8)
  A freezing wraith (Vaults:4)
  29 yaktaurs
  An efreet (D:13)
  6 unseen horrors (Depths:3)
  5 entropy weaver simulacra (IceCv)
  2 ice devils (Depths:1)
  A tengu conjurer (Depths:1)
  22 demonic crawlers
  2 human skeletons (Vaults:3)
  2 yaktaur skeletons (Vaults:3)
  A red devil (Depths:1)
  6 meliai
  3 trolls
  28 merfolk
  A tengu simulacrum (Vaults:1)
  7 hornets
  An ettin zombie (D:15)
  A tyrant leech (Gauntlet)
  6 wind drakes
  16 blink frogs
  10 polar bears
  21 tarantellas
  79 slime creatures
  10 snapping turtles
  9 dream sheep
  An air elemental (Elf:1)
  7 culicivoras
  2 shadows
  20 jumping spiders
  2 spriggan zombies
  12 spriggans (Lair:6)
  19 water elementals
  3 ettin skeletons (Vaults:3)
  Sigmund (D:4)
  A wyvern (shapeshifter) (Gauntlet)
  2 ynoxinuls (Depths:1)
  9 fire elementals
  9 wraiths
  39 yaks
  7 basilisks
  4 wyverns
  4 hogs (D:15)
  A yak (shapeshifter) (D:15)
  2 steam dragons (D:9)
  An elf skeleton (Vaults:3)
  4 chaos spawn
  42 redbacks
  A vampire mosquito (D:11)
  6 swamp worms (Gauntlet)
  3 acid dragons
  5 large abominations
  4 demonic crawler simulacra (IceCv)
  3 hell hounds
  15 water moccasins
  2 floating eyes
  An ogre skeleton (Vaults:1)
  A floating eye (shapeshifter) (Vaults:5)
  A sky beast (shapeshifter) (Vaults:4)
  4 ugly thing simulacra (IceCv)
  8 small abominations
  30 orc warriors
  7 black bears
  An ettin simulacrum (Depths:1)
  An ice beast (D:7)
  4 boggarts (Lair:6)
  13 ogres
  A necrophage (D:5)
  39 wolves
  14 centaurs
  A tengu (shapeshifter) (D:9)
  2 phantoms (D:12)
  11 kobold brigands
  A human zombie (Vaults:1)
  2 gnoll sergeants
  7 scorpions
  15 bullfrogs
  5 earth elementals
  4 glowing shapeshifter simulacra (IceCv)
  A cane toad simulacrum (D:13)
  A two-headed ogre simulacrum (D:13)
  3 troll zombies (D:12)
  9 wights
  2 electric eels (Spider:1)
  2 howler monkeys
  A bullfrog zombie (D:5)
  11 centaur zombies
  2 hounds
  2 centaur skeletons
  A gnoll shaman (D:10)
  Crazy Yiuf (D:4)
  34 orc priests
  2 bullfrog skeletons
  11 iguanas
  14 orc wizards
  Natasha (D:3)
  A scorpion zombie (D:5)
  2 killer bee zombies
  A wolf simulacrum (D:13)
  2 centaur simulacra
  4 ogre zombies
  A hound skeleton (D:4)
  14 gnolls
  7 adders
  2 ufetubi (D:4)
  4 worms
  2 dart slugs
  58 orcs
  3 endoplasms
  5 giant cockroaches
  9 goblins
  6 hobgoblins
  6 jackals
  4 quokkas
  10 ball pythons
  7 bats
  22 frilled lizards
  2 goblin skeletons (D:12)
  4 goblin zombies (D:12)
  A hobgoblin zombie (D:12)
  19 kobolds
  2 orc skeletons (D:12)
  10 orc zombies (D:12)
  4 rats
1915 creatures vanquished.

Vanquished Creatures (collateral kills)
  A tentacled monstrosity (Depths:2)
  An acid blob (Slime:5)
  An emperor scorpion (Spider:4)
  A ghost moth (Spider:4)
  A balrug (Gauntlet)
  3 ironbound preservers (Vaults:4)
  2 very ugly things
  A spark wasp (Spider:4)
  A crystal guardian (Vaults:4)
  An ettin (Depths:2)
  A spriggan berserker (Depths:2)
  A deep troll (Vaults:4)
  An ironbound convoker (Vaults:4)
  An ugly thing (Vaults:4)
  A manticore (D:13)
  3 wolves (Lair:6)
  2 two-headed ogre simulacra (D:13)
  3 naga simulacra (D:13)
26 creatures vanquished.

Vanquished Creatures (others)
  A lich (Vaults:5)
  A merfolk aquamancer (Shoals:4)
  3 orb spiders (Spider:4)
  2 deep elf zephyrmancers (Elf:1)
  A cyclops (D:15)
  A merfolk (Shoals:4)
  3 humans (D:15)
  A redback (Spider:4)
  A boggart (D:13)
  A scorpion (Elf:3)
  An orc wizard (D:11)
  A kobold (D:10)
  A frilled lizard (D:9)
  2 demonic plants (D:1)
  59 fungi
  89 plants
  4 withered plants (D:15)
172 creatures vanquished.

Grand Total: 2113 creatures vanquished

Notes
Turn   | Place    | Note
-------+----------+-------------------------------------------
     0 | D:1      | SlyGuyMcFly the Minotaur Fighter began the quest for the
                  | Orb.
     0 | D:1      | Reached XP level 1. HP: 19/19 MP: 0/0
   134 | D:1      | Reached XP level 2. HP: 16/27 MP: 1/1
   924 | D:1      | Found a faded altar of an unknown god.
   924 | D:1      | Noticed a red devil
   945 | D:1      | Prayed at the altar of an unknown god.
   945 | D:1      | Became a worshipper of Trog the Wrathful
   945 | D:1      | Reached * piety under Trog
  1137 | D:1      | Reached XP level 3. HP: 33/33 MP: 2/2
  2166 | D:3      | Reached XP level 4. HP: 41/41 MP: 3/3
  2259 | D:3      | Reached ** piety under Trog
  2322 | D:3      | Noticed a black bear
  2333 | D:3      | Killed a black bear
  2334 | D:3      | Reached skill level 5 in Fighting
  2334 | D:3      | Reached skill level 5 in Armour
  2334 | D:3      | Reached skill level 5 in Shields
  2334 | D:3      | Reached XP level 5. HP: 48/48 MP: 4/4
  3157 | D:4      | Noticed an ogre
  3287 | D:4      | Reached XP level 6. HP: 46/56 MP: 5/5
  3340 | D:4      | Noticed Natasha
  3370 | D:3      | Killed Natasha
  3437 | D:4      | Noticed Sigmund
  3472 | D:4      | Killed Sigmund
  3473 | D:4      | Reached XP level 7. HP: 17/63 MP: 6/6
  3864 | D:4      | Found a shadowy altar of Dithmenos.
  3967 | D:4      | Found a runed translucent door.
  3968 | D:4      | Noticed Crazy Yiuf
  4159 | D:4      | Killed Crazy Yiuf
  4300 | D:4      | Found a shimmering blue altar of Sif Muna.
  4458 | D:5      | Entered Level 5 of the Dungeon
  4480 | D:5      | Reached *** piety under Trog
  4884 | D:5      | Found a runed translucent door.
  4885 | D:5      | Noticed RNPValinor's ghost (novice DsFi)
  5012 | D:5      | Reached XP level 8. HP: 73/73 MP: 7/7
  5095 | D:5      | Reached skill level 1 in Short Blades
  5247 | D:5      | Found a staircase to the Ecumenical Temple.
  5292 | D:5      | Reached skill level 1 in Throwing
  5348 | D:5      | Found an ornate altar of the Wu Jian Council.
  5350 | D:5      | Found a radiant altar of Vehumet.
  5528 | D:5      | Killed RNPValinor's ghost
  5955 | D:6      | Found Jiujic's Gadget Gallery.
  6086 | D:6      | You are sucked into a shaft and drop 2 floors!
  6133 | D:8      | Noticed Maggie
  6142 | D:8      | Killed Maggie
  6143 | D:8      | Reached XP level 9. HP: 81/81 MP: 8/8
  6247 | D:8      | Noticed a kobold demonologist
  6272 | D:8      | Killed a kobold demonologist
  6373 | D:7      | Reached skill level 5 in Short Blades
  6457 | D:7      | Found a hide-covered altar of Uskayaw.
  6709 | D:7      | Reached **** piety under Trog
  6836 | D:6      | Reached skill level 1 in Axes
  7762 | D:8      | Reached skill level 1 in Polearms
  7803 | D:8      | Found a snail-covered altar of Cheibriados.
  7968 | D:8      | Noticed Maurice
  7981 | D:8      | Reached skill level 10 in Armour
  7999 | D:8      | Killed Maurice
  8298 | D:8      | Identified the +1 robe of Blue Skies {Fly Str+4}
  8463 | D:9      | Noticed a boulder beetle
  8501 | D:9      | Found Uduha's Antique Weapon Boutique.
  8586 | D:9      | Found a transporter.
  8592 | D:9      | Found a transporter.
  8616 | D:9      | Noticed a deep elf pyromancer
  8707 | D:9      | Noticed a skeletal warrior
  8712 | D:9      | Noticed ThreePoint314's ghost (novice DsFE)
  8714 | D:9      | Reached XP level 10. HP: 90/90 MP: 9/9
  8718 | D:9      | Noticed a cane toad
  8718 | D:9      | a troll changed into a cane toad
  8764 | D:9      | Killed a deep elf pyromancer
  8996 | D:9      | Killed a boulder beetle
  9156 | D:9      | Noticed a worldbinder
  9216 | D:9      | Reached skill level 5 in Polearms
  9257 | D:9      | Identified the +6 scythe of Alolemud {flame, rC- rN++
                  | Str+4}
  9714 | D:10     | Entered Level 10 of the Dungeon
  9744 | D:10     | Reached skill level 5 in Throwing
 10101 | D:10     | Found a staircase to the Lair.
 10530 | D:10     | Noticed a two-headed ogre
 10551 | D:10     | Killed a two-headed ogre
 10552 | D:10     | Reached skill level 10 in Fighting
 10552 | D:10     | Reached skill level 10 in Shields
 10552 | D:10     | Reached XP level 11. HP: 99/99 MP: 10/10
 10940 | D:11     | Noticed a soul eater
 11170 | D:11     | Noticed a red ugly thing
 11170 | D:11     | Noticed a two-headed ogre
 11215 | D:10     | Killed a two-headed ogre
 11396 | D:11     | Killed a red ugly thing
 11463 | D:11     | Noticed a boulder beetle
 11525 | D:11     | Killed a boulder beetle
 11734 | D:11     | Noticed an ogre mage
 11741 | D:11     | Noticed a purple ugly thing
 11767 | D:11     | Noticed a two-headed ogre
 11802 | D:11     | Killed a two-headed ogre
 11815 | D:11     | Reached skill level 10 in Polearms
 11892 | D:11     | Noticed a tengu warrior
 12008 | Lair:1   | Entered Level 1 of the Lair of Beasts
 12034 | Lair:1   | Noticed a seven-headed hydra
 12042 | Lair:1   | Killed a seven-headed hydra
 12230 | Lair:1   | Reached XP level 12. HP: 110/110 MP: 11/11
 12262 | Lair:1   | Noticed a four-headed hydra
 12273 | Lair:1   | Killed a four-headed hydra
 12943 | Lair:2   | Noticed an eight-headed hydra
 12971 | Lair:2   | Killed an eight-headed hydra
 13141 | Lair:2   | Reached ***** piety under Trog
 13494 | Lair:2   | Found a runed translucent door.
 13496 | Lair:2   | Noticed anonymous's ghost (journeyman DEIE)
 13499 | Lair:2   | Identified the +7 trident of Wagaigh {antimagic, rPois}
 13922 | Lair:3   | Noticed a catoblepas
 13933 | Lair:3   | Killed a catoblepas
 14019 | Lair:3   | Noticed a boulder beetle
 14070 | Lair:3   | Killed a boulder beetle
 14283 | Lair:3   | Found a hole to the Spider Nest.
 14425 | Lair:3   | Reached XP level 13. HP: 119/119 MP: 12/12
 14699 | Lair:3   | Noticed Fannar
 14743 | Lair:3   | Killed Fannar
 14996 | Lair:4   | Found a staircase to the Shoals.
 15560 | Lair:4   | Noticed Som Pofo's ghost (journeyman DDGl)
 15678 | Lair:4   | Found a runed translucent gate.
 15678 | Lair:4   | Found a runed translucent gate.
 15678 | Lair:4   | Found a runed translucent gate.
 16103 | Lair:5   | Found a gate leading to a gauntlet.
 16174 | Gauntlet | Entered a Gauntlet
 16174 | Gauntlet | Found a transporter.
 16190 | Gauntlet | Found a transporter.
 16190 | Gauntlet | Found a transporter.
 16191 | Gauntlet | Found a transporter.
 16203 | Gauntlet | Found a transporter.
 16204 | Gauntlet | Found a transporter.
 16208 | Gauntlet | Found a transporter.
 16211 | Gauntlet | Noticed a balrug
 16212 | Gauntlet | Found a transporter.
 16215 | Gauntlet | Found a transporter.
 16216 | Gauntlet | Found a transporter.
 16224 | Gauntlet | Found a transporter.
 16227 | Gauntlet | Found a transporter.
 16228 | Gauntlet | Found a transporter.
 16236 | Gauntlet | Found a transporter.
 16819 | Gauntlet | Killed a balrug
 16820 | Gauntlet | Reached skill level 1 in Evocations
 17123 | Gauntlet | Noticed a minotaur
 17134 | Gauntlet | Killed a minotaur
 18005 | Lair:6   | Entered Level 6 of the Lair of Beasts
 18072 | Lair:6   | Reached XP level 14. HP: 123/130 MP: 13/13
 18346 | Lair:6   | Reached skill level 5 in Evocations
 18396 | Lair:6   | Received a gift from Trog
 18901 | Lair:6   | Reached skill level 15 in Armour
 19147 | Lair:6   | Found a staircase to the Slime Pits.
 19674 | Lair:6   | Identified the +9 battleaxe of Equivalence {drain, rF+}
 20149 | D:11     | Received a gift from Trog
 20468 | D:11     | Identified a scroll of acquirement
 20468 | D:11     | Acquired a +4 demon trident of electrocution
 20967 | D:12     | Noticed Nergalle
 20975 | D:12     | Killed Nergalle
 21018 | D:12     | Found a staircase to the Orcish Mines.
 21161 | D:12     | Found a shimmering blue altar of Sif Muna.
 21244 | D:12     | Noticed Psyche
 21249 | D:12     | Killed Psyche
 21326 | D:12     | Reached ****** piety under Trog
 21576 | Orc:1    | Entered Level 1 of the Orcish Mines
 21715 | Orc:2    | Entered Level 2 of the Orcish Mines
 21781 | Orc:2    | Received a gift from Trog
 22007 | Orc:2    | Found a staircase to the Elven Halls.
 22964 | Orc:2    | Reached XP level 15. HP: 139/139 MP: 14/14
 23089 | Orc:2    | Reached skill level 15 in Fighting
 23139 | Orc:2    | Reached skill level 15 in Shields
 23409 | Orc:2    | Found Laeklun's General Store.
 23409 | Orc:2    | Found Ukou's Book Shop.
 23412 | Orc:2    | Found Ybatuer's Jewellery Shop.
 23412 | Orc:2    | Found Yssostru's Distillery.
 23424 | Orc:2    | Bought a potion of curing for 39 gold pieces
 23424 | Orc:2    | Bought a potion of heal wounds for 65 gold pieces
 23424 | Orc:2    | Bought a potion of might for 52 gold pieces
 23426 | Orc:2    | Bought a +3 plate armour of cold resistance for 585 gold
                  | pieces
 23426 | Orc:2    | Bought a scroll of identify for 26 gold pieces
 23426 | Orc:2    | Bought a scroll of silence for 97 gold pieces
 23426 | Orc:2    | Bought 2 potions of cancellation for 208 gold pieces
 23731 | Spider:1 | Entered Level 1 of the Spider Nest
 24068 | Orc:2    | Bought the ring of Traps {rPois rCorr Int+3} for 637 gold
                  | pieces
 24453 | Spider:1 | Received a gift from Trog
 24471 | Spider:1 | Noticed Josephine
 24477 | Spider:1 | Killed Josephine
 25840 | Spider:2 | Received a gift from Trog
 26268 | Spider:2 | Reached skill level 10 in Evocations
 26928 | Spider:3 | Reached XP level 16. HP: 48/151 MP: 15/15
 27727 | Spider:4 | Entered Level 4 of the Spider Nest
 28433 | Spider:4 | Noticed Nikola
 28459 | Spider:3 | Received a gift from Trog
 28940 | Spider:3 | Killed Nikola
 29595 | Spider:4 | Got a gossamer rune of Zot
 29720 | Shoals:1 | Entered Level 1 of the Shoals
 29749 | Shoals:1 | Upgraded the game from 0.28-a0-1510-gd0f6b136d3 to
                  | 0.28-a0-1613-gdaab1c2f9b
 30664 | Shoals:2 | HP: 1/155 [something (13)]
 30902 | Shoals:2 | Found Midgh's Book Shoppe.
 30978 | Shoals:2 | Received a gift from Trog
 31182 | Shoals:2 | You are sucked into a shaft and drop 1 floor!
 31185 | Shoals:3 | Found Giezauf's Magic Scroll Shop.
 31246 | Shoals:3 | Bought 3 scrolls of silence for 270 gold pieces
 31246 | Shoals:3 | Bought a scroll of blinking for 90 gold pieces
 31276 | Shoals:3 | Reached XP level 17. HP: 160/161 MP: 16/16
 31681 | Shoals:3 | Found a runed translucent gate.
 31681 | Shoals:3 | Found a runed translucent gate.
 31691 | Shoals:3 | Found a runed translucent gate.
 31692 | Shoals:3 | Noticed Rarph's ghost (adept DsFi)
 31730 | Shoals:3 | Killed Rarph's ghost
 31894 | Shoals:3 | Identified the +1 cloak of Refuge {rElec rPois rCorr}
 32370 | Shoals:4 | Entered Level 4 of the Shoals
 32609 | Shoals:4 | Identified the +9 halberd of Balance {vorpal, rCorr Str-3
                  | Int+7 SInv}
 32809 | Shoals:4 | Received a gift from Trog
 32934 | Shoals:4 | HP: 8/162 [manticore (13)]
 33081 | Shoals:4 | Got a barnacled rune of Zot
 33518 | Shoals:4 | Noticed Polyphemus
 33725 | Shoals:4 | Identified the +1 ring mail of True Grit {Harm rF++ rC+
                  | Int+2}
 34581 | Shoals:4 | Killed Polyphemus
 35067 | D:13     | Found a frozen archway.
 35096 | IceCv    | Entered an ice cave
 35101 | IceCv    | Received a gift from Trog
 35624 | IceCv    | Found a viscous altar of Jiyva.
 35665 | IceCv    | Got the ring "Yhecwow" {rC+ Slay+4}
 35911 | D:13     | Noticed Jorgrun
 35928 | D:13     | Killed Jorgrun
 36179 | D:13     | Reached XP level 18. HP: 172/172 MP: 5/17
 36416 | D:13     | Received a gift from Trog
 36542 | D:13     | Found a gate to the Vaults.
 37545 | D:15     | Entered Level 15 of the Dungeon
 37641 | D:15     | Noticed Louise
 37656 | D:15     | Killed Louise
 37999 | D:15     | Noticed Agnes
 38013 | D:15     | Killed Agnes
 38014 | D:15     | Noticed Kirke
 38051 | D:15     | Killed Kirke
 38081 | D:15     | Found a staircase to the Depths.
 38448 | D:15     | Found a shimmering altar of Xom.
 38727 | D:15     | Received a gift from Trog
 39120 | Depths:1 | Entered Level 1 of the Depths
 39120 | Depths:1 | Found a gateway to Hell.
 39338 | Depths:1 | Found a glowing silver altar of Zin.
 39723 | Depths:1 | Found a one-way gateway to a ziggurat.
 40065 | Depths:1 | Found Heepluir's Jewellery Boutique.
 40067 | Depths:1 | Found Ruetaf's Book Emporium.
 40068 | Depths:1 | Found Pugy's Jewellery Boutique.
 40078 | Depths:1 | Bought a ring of protection from fire for 450 gold pieces
 40364 | Depths:1 | Found a one-way gate leading to the halls of Pandemonium.
 40558 | Depths:1 | Found a one-way gate to the infinite horrors of the Abyss.
 40672 | Depths:2 | Received a gift from Trog
 41255 | Depths:2 | Noticed a tentacled monstrosity
 41273 | Depths:2 | Killed a tentacled monstrosity
 41276 | Depths:2 | Reached XP level 19. HP: 150/183 MP: 6/18
 41921 | Depths:2 | Identified the amulet "Azacsatz" {rC- rN+ Regen+ Dex+8}
 42363 | Depths:3 | Found a white marble altar of Elyvilon.
 42564 | Depths:3 | Received a gift from Trog
 42834 | Depths:3 | Noticed an ancient lich
 42877 | Depths:3 | Killed an ancient lich
 43059 | Depths:3 | Found Buphocsa's Armour Shoppe.
 43505 | Depths:3 | Reached skill level 10 in Throwing
 43650 | Depths:3 | Received a gift from Trog
 44130 | Depths:4 | Entered Level 4 of the Depths
 44148 | Depths:4 | Noticed Mennas
 44198 | Depths:4 | Killed Mennas
 44207 | Depths:4 | Found a flickering gateway to a bazaar.
 44233 | Bazaar   | Entered a bazaar
 44233 | Bazaar   | Found Poryck's Distillery.
 44239 | Bazaar   | Found Nismarirhu's Book Shop.
 44243 | Bazaar   | Bought a potion of resistance for 70 gold pieces
 44243 | Bazaar   | Bought a potion of curing for 21 gold pieces
 44243 | Bazaar   | Bought a potion of might for 28 gold pieces
 44243 | Bazaar   | Bought a potion of might for 28 gold pieces
 44246 | Bazaar   | Found Joosch's Antique Weapon Shop.
 44259 | Bazaar   | Found Hyluec's Assorted Antiques.
 44271 | Bazaar   | Bought an iridescent spear for 112 gold pieces
 44271 | Bazaar   | Identified the +8 spear "Fyeska Fofe" {flame, *Rage Str+7
                  | SInv} (You bought it in a shop in a bazaar)
 44285 | Bazaar   | Found Zounur's Assorted Antiques.
 44646 | Depths:4 | Found a gate to the Realm of Zot.
 44646 | Depths:4 | Noticed a bone dragon
 44646 | Depths:4 | Noticed a bone dragon
 44693 | Depths:4 | Killed a bone dragon
 44750 | Depths:3 | Killed a bone dragon
 45531 | Depths:4 | Paralysed by a vampire knight for 3 turns
 45802 | Depths:4 | Identified the +3 great mace of the End {flame, rN+ Str-5
                  | Dex+6}
 46080 | Depths:4 | Paralysed by a floating eye for 4 turns
 46088 | Depths:4 | Reached XP level 20. HP: 192/195 MP: 6/19
 46416 | Elf:1    | Entered Level 1 of the Elven Halls
 46495 | Elf:1    | Paralysed by an air elemental for 1 turns
 46619 | Elf:1    | Reached skill level 1 in Dodging
 47075 | Elf:1    | Received a gift from Trog
 47623 | Elf:2    | Found Zuonut's Assorted Antiques.
 47632 | Elf:2    | Bought a scroll of enchant armour for 322 gold pieces
 48065 | Elf:2    | Found a runed translucent gate.
 48067 | Elf:2    | Found a runed translucent gate.
 48068 | Elf:2    | Found a runed translucent gate.
 48147 | Elf:2    | Noticed Azrael
 48160 | Elf:2    | Killed Azrael
 48327 | Elf:2    | Reached skill level 5 in Dodging
 48372 | Elf:2    | Received a gift from Trog
 48881 | Elf:3    | Entered Level 3 of the Elven Halls
 48934 | Elf:3    | Found a flickering gateway to a bazaar.
 48940 | Bazaar   | Entered a bazaar
 48940 | Bazaar   | Found Sistoxod's Distillery.
 48940 | Bazaar   | Found Qeyriejiti's General Store.
 48947 | Bazaar   | Found Daguy's Distillery.
 48951 | Bazaar   | Found Zuerafag's Antique Armour Boutique.
 48955 | Bazaar   | Bought a potion of haste for 90 gold pieces
 48955 | Bazaar   | Bought a potion of heal wounds for 45 gold pieces
 48955 | Bazaar   | Bought a potion of heal wounds for 45 gold pieces
 48962 | Bazaar   | Bought a pair of embroidered gloves for 112 gold pieces
 49037 | Bazaar   | Bought a potion of haste for 130 gold pieces
 49037 | Bazaar   | Bought a potion of resistance for 130 gold pieces
 49359 | Elf:3    | Received a gift from Trog
 50015 | Elf:3    | Received a gift from Trog
 50023 | Elf:3    | Reached XP level 21. HP: 75/202 MP: 6/20
 50368 | Elf:3    | Identified the ring "Zoguunko" {rF+ Will+ Int+5}
 50554 | Elf:3    | Identified the +0 helmet of Surprise {Regen+}
 50556 | Elf:3    | Identified the +4 war axe "Ulisi" {holy, rC+}
 50559 | Elf:3    | Identified the ring of Dymoc {*Corrode Fly Will+ SInv
                  | Stlth+}
 50624 | Elf:3    | Identified the +3 quarterstaff of Zor Axta {drain, rF+++}
 50645 | Elf:3    | Identified the ring of Zeycig {rElec rN+}
 50650 | Elf:3    | Identified the ring "Yqaul" {Will+ Dex+3}
 50661 | Elf:3    | Identified the +0 robe of Tibuug {rElec rC+}
 51122 | Slime:1  | Entered Level 1 of the Pits of Slime
 51159 | Slime:1  | Gained mutation: You sometimes lose the ability to read
                  | scrolls when taking damage. [a shining eye]
 52108 | Slime:1  | Gained mutation: Armour fits poorly on your strangely
                  | shaped body. [a shining eye]
 52166 | Slime:2  | Received a gift from Trog
 52315 | Slime:5  | Entered Level 5 of the Pits of Slime
 52461 | Slime:5  | Noticed the Royal Jelly
 52659 | Slime:4  | Lost mutation: Armour fits poorly on your strangely shaped
                  | body. [potion of mutation]
 52659 | Slime:4  | Lost mutation: You sometimes lose the ability to read
                  | scrolls when taking damage. [potion of mutation]
 52659 | Slime:4  | Gained mutation: You are weak. (Str -2) [potion of
                  | mutation]
 52659 | Slime:4  | Gained mutation: You possess an exceptional clarity of
                  | mind. [potion of mutation]
 52691 | Slime:5  | Killed the Royal Jelly
 52703 | Slime:5  | HP: 2/203 [rockslime (29)]
 52768 | Slime:5  | Gained mutation: Your magical capacity is low. (-10% MP) [a
                  | shining eye]
 53220 | Slime:5  | Gained mutation: You are frail. (-10% HP) [a shining eye]
 53460 | Slime:5  | Identified the amulet of Umoublug {Regen+ Dex+4}
 53468 | Slime:5  | Identified the +3 great sword of Recklessness {elec, +Blink
                  | rC+ Int+4}
 53476 | Slime:5  | Identified the +4 scimitar "Sarcophage" {freeze, Str+5}
 53507 | Slime:5  | Identified the +1 plate armour "Pamamm" {rC+ Str+2 SInv}
 53558 | Slime:5  | Got a slimy rune of Zot
 54378 | Zot:1    | Entered Level 1 of the Realm of Zot
 54528 | Zot:1    | Noticed a golden dragon
 54576 | Zot:1    | Killed a golden dragon
 54576 | Zot:1    | Received a gift from Trog
 55062 | Shoals:3 | Bought a scroll of enchant armour for 90 gold pieces
 55360 | Vaults:1 | Entered Level 1 of the Vaults
 55464 | Vaults:1 | Reached skill level 10 in Dodging
 55702 | Vaults:1 | Reached skill level 15 in Evocations
 55953 | Vaults:1 | Received a gift from Trog
 55995 | Vaults:1 | HP: 5/183 [ironbound frostheart/creeping frost (14)]
 56715 | Vaults:1 | Reached XP level 22. HP: 191/191 MP: 6/18
 57848 | Vaults:2 | Received a gift from Trog
 58463 | Vaults:2 | Reached skill level 15 in Throwing
 58517 | Vaults:2 | Found Hoejihaur's Weapon Shop.
 58807 | Vaults:2 | Acquired the ring of Yesterday {rElec rPois Will++ SInv}
 59411 | Vaults:3 | Noticed Mara
 59422 | Vaults:3 | Killed Mara
 60664 | Vaults:3 | Found Xihaops's Distillery.
 60672 | Vaults:3 | Bought 2 potions of haste for 320 gold pieces
 60672 | Vaults:3 | Bought a potion of might for 64 gold pieces
 60672 | Vaults:3 | Bought a potion of haste for 160 gold pieces
 60672 | Vaults:3 | Bought a potion of heal wounds for 80 gold pieces
 60883 | Vaults:3 | Found a staircase to the Crypt.
 61461 | Vaults:4 | Identified the +8 glaive "Lit Jung" {flame, rElec rN+ Will+
                  | Dex+3} (Trog gifted it to you on level 4 of the Vaults)
 61461 | Vaults:4 | Received a gift from Trog
 61719 | Vaults:4 | Noticed a dread lich
 61742 | Vaults:4 | Killed a dread lich
 61766 | Vaults:4 | Reached XP level 23. HP: 194/199 MP: 6/19
 62603 | Vaults:4 | Received a gift from Trog
 63385 | Vaults:5 | Entered Level 5 of the Vaults
 63407 | Vaults:5 | Identified the +7 spear "Beliluv" {pain, rF- rC+ rN+++
                  | Int-2}
 63606 | Vaults:5 | Noticed an ancient lich
 63649 | Vaults:5 | Killed an ancient lich
 63977 | Vaults:5 | Received a gift from Trog
 64012 | Vaults:5 | Identified the +1 robe of Ewijojy {*Slow rElec Dex+8 SInv}
 64037 | Vaults:5 | Paralysed by a sphinx for 7 turns
 64043 | Vaults:5 | HP: 1/196 [sphinx/divine providence (17)]
 64043 | Vaults:5 | Annihilated by a titan

Illustrated notes

Levels and vault maps discovered:
D:1:      psy_arrival_fountain, layout_basic,
          dreamdust_ecumenical_altar_sealed_demon
D:2:      layout_loops_ring
D:3:      layout_basic, minmay_fractal_squares_5
D:4:      layout_rooms, mainiacjoe_overflow_chevrons, grunt_dithmenos_smoke,
          lemuel_another_geyser, uniq_sigmund, uniq_natasha,
          uniq_crazy_yiuf_cottage
D:5:      layout_basic, nicolae_overflow_squiral,
          minmay_temple_entry_statues_pillars, ebering_ghost_reflecting_pool
D:6:      layout_basic, portal_sewer_entry_e, nicolae_shop_gadgets
D:7:      layout_gridville, nicolae_uskayaw_murder_on_the_dancefloor,
          st_stairs_14
D:8:      layout_cave_pods, mainiacjoe_overflow_brackets, uniq_maggie,
          uniq_maurice
D:9:      layout_basic, serial_shops, nicolae_take_the_stairs,
          gammafunk_ghost_abyssal_escape, grunt_tough_drop
D:10:     lemuel_reptile_caves, layout_long_grid, lair_entry_dummy
D:11:     layout_gridville, minmay_the_grid_square_5x5_3x3_mashed
          [minmay_the_grid_square_5x5_six_small,
          minmay_the_grid_square_5x5_minimal,
          minmay_the_grid_square_5x5_checkered_statues,
          minmay_the_grid_square_5x5_spiral_small,
          minmay_the_grid_square_5x5_megaprize_diamond,
          minmay_the_grid_square_5x5_bridge, minmay_the_grid_square_5x5_dogpile,
          minmay_the_grid_square_5x5_n_small,
          minmay_the_grid_square_5x5_two_small]
D:12:     layout_cave_pools, zombieorc1_lemuel, led_sif_pool, uniq_nergalle,
          uniq_psyche
D:13:     layout_loops_ring, hangedman_vaults_entry_quadrant_bands,
          portal_ice_cave_entry_ice_simulacra, uniq_jorgrun
D:14:     layout_irregular_city, nrook_mini_backslash, minmay_misc_feat_alley
D:15:     gammafunk_depths_entry_grave, layout_layer_cave, serial_bayou_pond_b,
          xom_teletrap_fun, uniq_agnes, uniq_louise, uniq_kirke
Lair:1:   wander_river, layout_loops_ring, nicolae_lair_run_with_the_wolves
Lair:2:   layout_gridlike, ebering_ghost_funeral_grove
Lair:3:   layout_regular_city, spider_nest_entry_web_field, grunt_megastairs_1,
          uniq_fannar
Lair:4:   layout_regular_city, elwin_shoals_entry_rocks, gammafunk_ghost_icy
Lair:5:   layout_roguey, gauntlet_entry_generic, lemuel_fruit_fields
Lair:6:   minmay_lair_end_enchanted_forest, layout_concentric_octagons,
          minmay_slime_entry_oklob_enclosed, st_stairs_3
Shoals:1: layout_shoals, ldierk_geyser
Shoals:2: layout_shoals, serial_shops, nicolae_shop_waterfront, uniq_ilsuiw
Shoals:3: layout_shoals, gammafunk_ghost_tricky_traps, serial_shops,
          nicolae_shop_competitors_out_of_business
Shoals:4: shoals_end_simple, layout_shoals, nicolae_shoals_isolated_beach,
          uniq_polyphemus
Spider:1: layout_spider_delve, uniq_josephine
Spider:2: layout_spider_delve, nicolae_spider_cling_halls
Spider:3: layout_spider_delve, worms_lemuel
Spider:4: grunt_spider_rune_island, uniq_nikola
Slime:1:  layout_caves
Slime:2:  layout_caves
Slime:3:  layout_caves
Slime:4:  layout_caves
Slime:5
Orc:1:    layout_caves
Orc:2:    st_orc_pillars, layout_caves, nicolae_orc_tapped_out
Elf:1:    layout_geoelf_octagon, minivault_28, minmay_elf_annihilation
Elf:2:    nicolae_elf_blades_splatter_lattice [mumra_blade_entry_bloodbath],
          layout_gridlike, serial_shops, nicolae_lakefront_shop,
          grunt_megastairs_2, uniq_azrael
Elf:3:    minmay_elf_hall, layout_geoelf_octagon, serial_shops, bzr_entry_safe,
          einodemon_barbed_minivault
Vaults:1: grunt_vaults_twisty, vaults_dpeg_ring, hangedman_vaults_corner_blocks,
          vaults_standard_mumra_x, grunt_vaults_funnel, vaults_room_hallway,
          hangedman_vaults_cutoff, nicolae_vaults_big_angled_halls,
          nicolae_vaults_little_squares_6, v_pattern_5, layout_vaults_big_room
Vaults:2: ontoclasm_vaults_misaligned, dpeg_vaults_monster_box,
          nicolae_vaults_little_squares_1, vaults_dpeg_spiral,
          nicolae_vaults_asterisk, nicolae_vaults_little_squares_1, v_misc_26,
          nicolae_vaults_border_crossing, ontoclasm_vaults_ring_large,
          hangedman_vaults_cutoff, nicolae_vaults_little_squares_5,
          layout_vaults_ring, serial_shops, nicolae_shop_waterfront
Vaults:3: minmay_crypt_entry_skeletal_spiral, hangedman_vaults_restitches,
          vaults_room_grid, st_octagons_2, hangedman_vaults_restitches,
          vaults_dpeg_cross, v_misc_22, nicolae_vaults_little_squares_3,
          nicolae_vaults_network_s, vaults_mumra_minichess_inversion,
          hangedman_vaults_impose, layout_vaults_omnigrid, serial_shops,
          nicolae_shop_trees, uniq_mara
Vaults:4: st_cross, nicolae_vaults_disjoint_gnomons, vaults_dpeg_encased_lava,
          nicolae_vaults_little_squares_3, vaults_dpeg_diagonal,
          nicolae_vaults_network_quinsquares
          [nicolae_vaults_network_quincunx_subvault,
          nicolae_vaults_network_quincunx_subvault,
          nicolae_vaults_network_quincunx_subvault,
          nicolae_vaults_network_quincunx_subvault], vaults_dpeg_hooks,
          grunt_vaults_hallway_short, nicolae_vaults_what_the_h, v_pattern_2,
          ontoclasm_vaults_twist, ontoclasm_vaults_shuriken,
          vaults_room_stairs_pillars, vaults_mumra_hex,
          nicolae_vaults_ring_of_whatevers, layout_vaults_omnicross,
          uniq_margery
Vaults:5: serial_shops
Depths:1: layout_big_octagon, enter_ziggurat_a, hell_entry,
          marbit_kobold_abyss_entry, grunt_pan_entry_sceptre, zin_angel,
          minmay_shop_grove, grunt_megastairs_4, serial_bayou_shore_b,
          serial_bayou_shore_a, serial_bayou_shore_b
Depths:2: four-leaf_vault, layout_gridlike, columned_hall_lemuel, hell_entry,
          pan_entry, infiniplex_staircase_door_maze, grunt_megastairs_3,
          firewood_loft
Depths:3: minmay_tri_stars, layout_basic, kennysheep_pointless_box,
          serial_shops, nicolae_shop_window_shopping, minmay_room_of_horrors,
          grunt_hell_entry_dis_mu, elyvilon_altar_5,
          minmay_staircase_windowed_small
Depths:4: grunt_x_marks_the_spot, layout_gridville, serial_shops,
          bzr_entry_islet, hell_entry, minmay_misc_feat_tiny, uniq_mennas
Zot:1:    layout_concentric_octagons

Skill      XL: |  1  2  3  4  5  6  7  8  9 10 11 12 13 14 15 16 17 18 19 20 21 22 23 |
---------------+----------------------------------------------------------------------+-----
Armour         | 4 5 6 7 8 10 11 12 13 14 15 16 17 18 19 20 21 22 | 22.4
Shields        | 4 5 6 7 8 10 11 12 13 14 16 17 18 19 20 21 22 | 22.0
Fighting       | 4 5 6 7 8 10 11 12 13 14 16 17 18 19 20 21 22 | 22.1
Short Blades   | 4 5 6 7 |  7.7
Throwing       | 2 3 5 6 9 11 13 14 15 16 | 16.7
Axes           | 1 |  1.6
Polearms       | 2 7 10 13 14 | 14.9
Evocations     | 4 8 10 12 13 14 15 16 | 16.8
Dodging        | 8 10 12 14 | 14.0
Long Blades    | |  2.6

Action                   |  1- 3 |  4- 6 |  7- 9 | 10-12 | 13-15 | 16-18 | 19-21 | 22-24 || total
-------------------------+-------+-------+-------+-------+-------+-------+-------+-------++-------
Melee: Long sword        |    31 |       |       |       |       |       |       |       ||    31
       Headbutt          |    17 |    13 |    80 |   199 |   504 |   671 |  1030 |   796 ||  3310
       Dagger            |    76 |    94 |   292 |       |       |       |       |       ||   462
       Spear             |       |       |    38 |   882 |  1135 |       |       |       ||  2055
       Hand axe          |       |       |    35 |       |       |       |       |       ||    35
       Unarmed           |       |       |     3 |       |       |       |       |       ||     3
       Demon trident     |       |       |       |       |   956 |  1418 |       |       ||  2374
       Quick blade       |       |       |       |       |       |  1198 |  2798 |  1834 ||  5830
Throw: Dart              |       |       |    13 |    11 |     1 |       |       |       ||    25
       Throwing net      |       |       |       |       |       |     1 |       |       ||     1
       Javelin           |       |       |       |       |       |       |       |     2 ||     2
Invok: Berserk           |       |     3 |     5 |    11 |     6 |     6 |     1 |       ||    32
       Trog's Hand       |       |       |     1 |     1 |     1 |       |    11 |     2 ||    16
       Brothers in Arms  |       |       |       |       |     1 |     3 |     5 |     2 ||    11
Evoke: Wand              |       |       |       |     2 |     3 |     7 |    13 |     4 ||    29
       Condenser vane    |       |       |       |       |       |     1 |     3 |     3 ||     7
       Phial of floods   |       |       |       |       |       |       |     2 |     1 ||     3
       Lightning rod     |       |       |       |       |       |       |     4 |     7 ||    11
       Tin of tremorston |       |       |       |       |       |       |     2 |     4 ||     6
       Box of beasts     |       |       |       |       |       |       |     1 |       ||     1
  Use: Scroll            |       |       |     2 |     8 |    20 |     5 |    11 |     4 ||    50
       Potion            |       |       |       |     1 |     3 |     7 |    10 |     7 ||    28
 Stab: Invisible         |       |       |     2 |       |       |       |       |       ||     2
       Petrified         |       |       |       |       |     2 |       |       |       ||     2
       Distracted        |       |       |       |       |     1 |     1 |       |     1 ||     3
Armor: Scale mail        |    38 |    39 |       |       |   130 |       |       |       ||   207
       Plate armour      |       |     4 |   219 |   479 |   966 |   908 |       |       ||  2576
       Skin              |       |       |       |       |     3 |    21 |       |       ||    24
       Acid dragon scale |       |       |       |       |     2 |       |       |       ||     2
       Crystal plate arm |       |       |       |       |       |   374 |   658 |       ||  1032
       Gold dragon scale |       |       |       |       |       |       |   109 |   386 ||   495
Dodge: Dodged            |    47 |    52 |    72 |   155 |   393 |   373 |   325 |   252 ||  1669
Block: Buckler           |    13 |       |       |       |       |       |       |       ||    13
       Kite shield       |    15 |    44 |   164 |   437 |   998 |  1287 |  1055 |   605 ||  4605

Table legend: (Time is in decaauts)
 A = Elapsed time spent in this place.
 B = Non-inter-level travel time spent in this place.
 C = Inter-level travel time spent in this place.
 D = Time resting spent in this place.
 E = Time spent auto-exploring this place.
 F = Levels seen in this place.
 G = Mean time per level.
                   A        B        C        D        E       F      G
               +--------+--------+--------+--------+--------+-----+--------+
         Total |  59438 |  53937 |   5501 |   7692 |  26736 |  53 | 1121.5 |
       Dungeon |  18474 |  16282 |   2192 |   1956 |   8016 |  15 | 1231.6 |
          Lair |   7651 |   6427 |   1224 |    626 |   3814 |   6 | 1275.2 |
        Shoals |   5052 |   4597 |    455 |   1024 |   2083 |   4 | 1263.0 |
   Spider Nest |   5067 |   4927 |    140 |   1089 |   1949 |   4 | 1266.8 |
    Slime Pits |   1577 |   1482 |     95 |    626 |    116 |   5 |  315.4 |
  Orcish Mines |   2176 |   1830 |    346 |      4 |    834 |   2 | 1088.0 |
   Elven Halls |   3719 |   3430 |    289 |    258 |   1984 |   3 | 1239.7 |
        Vaults |   7202 |   7113 |     89 |   1300 |   3768 |   5 | 1440.4 |
        Depths |   6504 |   5838 |    666 |    407 |   3910 |   4 | 1626.0 |
           Zot |    208 |    208 |      0 |      0 |     49 |   1 |  208.0 |
        Bazaar |    214 |    214 |      0 |      0 |     64 |   2 |  107.0 |
      Ice Cave |    614 |    614 |      0 |     50 |    119 |   1 |  614.0 |
      Gauntlet |    974 |    974 |      0 |    347 |     28 |   1 |  974.0 |
               +--------+--------+--------+--------+--------+-----+--------+

Top non-repeatable levels by time:
Vaults:3: 2367 daAuts
Shoals:4: 2093 daAuts
    D:10: 1961 daAuts
    D:11: 1892 daAuts
  Lair:6: 1838 daAuts
Spider:3: 1811 daAuts
Vaults:4: 1779 daAuts
Depths:3: 1749 daAuts
   Orc:2: 1666 daAuts
    D:15: 1633 daAuts
Depths:2: 1605 daAuts
Vaults:1: 1602 daAuts
Depths:4: 1599 daAuts
Depths:1: 1551 daAuts
     D:9: 1490 daAuts
